 Seeded DCSS version 0.30.1-4-g462c640d31 (webtiles) character file.

Game seed: 5885237439974777451 (custom seed)

442 CarvArkoylaein the Chopper (level 6, -2/55 HPs)
             Began as a Minotaur Fighter on Sept 16, 2023.
             Slain by a kobold
             ... wielding a +0 dagger of electrocution
              (12 damage)
             ... on level 4 of the Dungeon.
             The game lasted 00:13:11 (3596 turns).

CarvArkoylaein the Chopper (Minotaur Fighter)       Turns: 3596, Time: 00:13:23

Health: -2/55      AC:  4    Str: 25    XL:     6   Next: 71%
Magic:  14/14      EV: 10    Int:  5    God:
Gold:   155        SH:  0    Dex:  9    Spells: 5/5 levels left

rFire   . . .        a - +0 war axe
rCold   + . .        c - +0 buckler
rNeg    . . .        b - +0 scale mail
rPois   .            (helmet unavailable)
rElec   .            k - scarf {repulsion}
rCorr   .            (no gloves)
SInv    .            (no boots)
Will    .....        v - amulet of regeneration Stlth
                     t - ring of magical power
HPRegen 1.09/turn    f - ring "Pafoaph" {Fly rC+ Str+2}
MPRegen 0.14/turn

%: repel missiles
@: confused, flying
A: horns 3, retaliatory headbutt, deformed body
a: no special abilities


You were on level 4 of the Dungeon.
You visited 1 branch of the dungeon, and saw 4 of its levels.

You collected 155 gold pieces.

Inventory:

Hand Weapons
 a - a +0 war axe (weapon)
Armour
 b - a +0 scale mail (worn)
 c - a +0 buckler (worn)
 k - a scarf of repulsion (worn)
Jewellery
 f - the ring "Pafoaph" (right hand) {Fly rC+ Str+2}
   (You found it on level 4 of the Dungeon)

   [ring of protection from cold]

   Str:       It affects your strength (+2).
   rC:        It protects you from cold.
   Fly:       It grants you flight.
 i - a ring of flight
 t - a ring of magical power (left hand)
 v - an amulet of regeneration (around neck)
Scrolls
 e - 2 scrolls of noise
 g - 2 scrolls of summoning
 j - a scroll of enchant armour
 l - a scroll of vulnerability
 o - a scroll of blinking
 s - a scroll of identify (quivered)
 w - a scroll of amnesia
Potions
 d - a potion of might
 h - 2 potions of curing
 m - 3 potions of heal wounds
 n - a potion of degeneration {unknown}
 p - a potion of flight


   Skills:
 + Level 4.8 Fighting
 + Level 6.0 Axes
 + Level 5.5 Armour
 + Level 1.5 Dodging
 + Level 0.3 Stealth
 + Level 4.5 Shields


You had 5 spell levels left.
You didn't know any spells.
Your spell library contained the following spells:

 Spells                   Type           Power      Damage    Failure   Level
 Beastly Appendage        Tmut           0%         N/A       80%         1
 Wereblood                Tmut           0%         N/A       91%         2
 Spider Form              Tmut/Pois      0%         N/A       99%         3


Dungeon Overview and Level Annotations

Branches:
Dungeon (4/15)
 Temple: D:4-7

Altars:
Nemelex Xobeh
Qazlal
Uskayaw

Shops:
D:4 :

Annotations:
D:4 Ijyb


Innate Abilities, Weirdness & Mutations

You have a pair of large horns on your head.
You reflexively headbutt those who attack you in melee.
Armour fits poorly on your strangely shaped body.


Message History

Ijyb is moderately wounded.
Ijyb zaps a wand.
Your will is overpowered!
You are more confused.
You hit the kobold.
The kobold is severely wounded.
You barely miss Ijyb.
Ijyb zaps a wand.
Your will is overpowered!
You are more confused.
The kobold hits you but does no damage.
Ijyb zaps a wand.
Your will is overpowered!
You are more confused.
The kobold hits you with a +0 dagger of electrocution.
You hit Ijyb. Your headbutt misses Ijyb.
Ijyb is moderately wounded.
You closely miss the kobold. Ijyb hits you with a +0 club.
The kobold closely misses you.
You're too confused to move!
Ijyb zaps a wand.
You resist with some effort. The kobold hits you but does no damage.
You are electrocuted!!
You miss the kobold. Your headbutt misses the kobold.
The kobold is severely wounded.
You miss Ijyb.
Ijyb zaps a wand.
Your will is overpowered!
You are more confused.
The now-empty wand crumbles to dust.
The kobold closely misses you.
You barely miss the kobold.
The kobold is severely wounded.
You miss Ijyb. Ijyb barely misses you. The kobold hits you but does no damage.
The kobold attacks as you move away! The kobold hits you but does no damage.
You are electrocuted!
You barely miss the kobold.
The kobold is heavily wounded.
You hit Ijyb but do no damage. Ijyb hits you with a +0 club.
The kobold hits you but does no damage. Ijyb hits you with a +0 club.
* * * LOW HITPOINT WARNING * * *
The kobold closely misses you.
You hit Ijyb.
Ijyb is heavily wounded.
You miss the kobold. Ijyb hits you with a +0 club.
* * * LOW HITPOINT WARNING * * *
The kobold hits you with a +0 dagger of electrocution.
* * * LOW HITPOINT WARNING * * *
You are electrocuted!
You die...

......#.#####.##.#
⌠...).#....##†##.#
..∩......#.##.##.#
⌠...⌠....#....##.#
.............###.##
.........#...# #..#
.........#.#.# ##.# .#
...........#.. ##.###..#
...............#@g....###
................!K........
............#...###.......
.....#.. ###. .......
..#..... #. ..##.##
.....### ## ... # .......
.... .###.### ..... .# ..#


You could see Ijyb and a kobold.

Vanquished Creatures
  Sigmund (D:2)
  Edmund (D:4)
  A scorpion (D:4)
  A jelly (D:4)
  2 adders (D:2)
  A worm (D:2)
  8 endoplasms
  3 giant cockroaches
  8 goblins
  9 hobgoblins
  3 quokkas
  4 ball pythons
  5 bats
  2 frilled lizards (D:2)
  8 kobolds
  6 rats
63 creatures vanquished.

Notes
Turn   | Place    | Note
-------+----------+-------------------------------------------
     0 | D:1      | CarvArkoylaein the Minotaur Fighter began the quest for the
                  | Orb.
     0 | D:1      | Reached XP level 1. HP: 19/19 MP: 0/0
   326 | D:1      | Reached XP level 2. HP: 27/27 MP: 1/1
   964 | D:2      | Reached XP level 3. HP: 30/33 MP: 2/2
  1106 | D:2      | Reached skill level 3 in Axes
  1206 | D:2      | Noticed Sigmund
  1227 | D:2      | Killed Sigmund
  1228 | D:2      | Reached skill level 4 in Axes
  1228 | D:2      | Reached skill level 1 in Dodging
  1228 | D:2      | Reached XP level 4. HP: 27/41 MP: 3/3
  1228 | D:2      | Reached XP level 5. HP: 31/47 MP: 4/4
  1294 | D:2      | Reached skill level 5 in Axes
  1837 | D:3      | Found a hide-covered altar of Uskayaw.
  2120 | D:3      | Found a stormy altar of Qazlal.
  3112 | D:3      | Gained mutation: You have hidden genetic potential. [potion
                  | of mutation]
  3112 | D:3      | Gained mutation: You occasionally lose the ability to drink
                  | potions when taking damage. [potion of mutation]
  3112 | D:3      | Gained mutation: You are weak. (Str -2) [potion of
                  | mutation]
  3163 | D:4      | Identified the ring "Pafoaph" {Fly rC+ Str+2}
  3214 | D:4      | Found Duej's Vocational Training.
  3220 | D:4      | Noticed Edmund
  3235 | D:4      | Killed Edmund
  3236 | D:4      | Reached skill level 5 in Armour
  3236 | D:4      | Reached XP level 6. HP: 34/53 MP: 5/5
  3259 | D:4      | Lost mutation: You occasionally lose the ability to drink
                  | potions when taking damage. [potion of mutation]
  3259 | D:4      | Lost mutation: You have hidden genetic potential. [potion
                  | of mutation]
  3259 | D:4      | Lost mutation: You are weak. (Str -2) [potion of mutation]
  3259 | D:4      | Gained mutation: You have a pair of large horns on your
                  | head. [potion of mutation]
  3259 | D:4      | Gained mutation: Armour fits poorly on your strangely
                  | shaped body. [potion of mutation]
  3434 | D:4      | Found a sparkling altar of Nemelex Xobeh.
  3508 | D:4      | Reached skill level 6 in Axes
  3583 | D:4      | Noticed Ijyb
  3596 | D:4      | Slain by a kobold

Illustrated notes

Levels and vault maps discovered:
D:1:      onia_arrival_mini_spirals, layout_loops_corners,
          chequers_serial_rivers_micro_d, st_stairs_1
D:2:      layout_loops_ring, reono_crystal_passage, uniq_sigmund
D:3:      layout_basic, mainiacjoe_overflow_chevrons,
          nicolae_uskayaw_murder_on_the_dancefloor, kennysheep_boxes
D:4:      layout_rooms, marbit_many_paths, nicolae_shop_vocational, uniq_ijyb,
          uniq_edmund

Skill      XL: |  1  2  3  4  5  6 |
---------------+-------------------+-----
Fighting       | 4 |  4.8
Armour         | 4 5 |  5.5
Shields        | 4 |  4.5
Axes           | 4 5 6 |  6.0
Dodging        | 1 |  1.5
Stealth        | |  0.3

Action                     |  1- 3 |  4- 6 || total
---------------------------+-------+-------++-------
  Melee: War axe           |    70 |    68 ||   138
         Headbutt          |     8 |    15 ||    23
    Use: Scroll            |     3 |     7 ||    10
         Potion            |     1 |     8 ||     9
 Armour: Scale mail        |    34 |    33 ||    67
  Dodge: Dodged            |    36 |    28 ||    64
  Block: Buckler           |    14 |    11 ||    25
